 Dungeon Crawl Stone Soup version 0.19-b1-4-gd8a0a2a (webtiles) character file.

14437 Chiseanne the Fighter (level 11, -6/90 HPs)
             Began as a Mummy Artificer on Oct 30, 2016.
             Was an Initiate of Gozag.
             Mangled by an ice devil (8 damage)
             ... in an ice cave.
             The game lasted 00:51:00 (12296 turns).

Chiseanne the Fighter (Mummy Artificer)            Turns: 12296, Time: 00:51:00

Health: -6/90      AC: 12    Str: 21    XL:     11   Next: 88%
Magic:  0/18       EV: 21    Int: 11    God:    Gozag
Gold:   992        SH:  0    Dex: 23    Spells: 1 memorised, 9 levels left

rFire  . . .     SeeInvis .     a - +7 scimitar of Untimely Demise {flame, Str+5 Dex+3}
rCold  + . .     Gourm    .     A - +1 leather armour of the Bull {rPois rF+ rN+}
rNeg   + + +     Faith    .     (no shield)
rPois  ∞         Spirit   +     r - +1 helmet
rElec  .         Reflect  .     m - +2 cloak {rPois}
rCorr  .         Harm     .     y - +1 pair of gloves
MR     +....                    G - +0 pair of boots
Stlth  ++........               q - amulet of guardian spirit
                                (no ring)
                                h - +5 ring of dexterity

@: no status effects
A: no food or potions, fire vulnerability, cold resistance 1, negative energy
resistance 3, torment resistance, unbreathing
a: Potion Petition, Call Merchant, Bribe Branch, Renounce Religion


You were in an ice cave.
You worshipped Gozag.
Gozag was pleased with you.
You were not hungry.

You visited 2 branches of the dungeon, and saw 12 of its levels.
You also visited: Ice Cave.

You collected 2887 gold pieces.
You spent 1041 gold pieces at shops.
You paid 854 gold pieces to Gozag.

Inventory:

Hand Weapons
 a - the +7 scimitar of Untimely Demise (weapon) {flame, Str+5 Dex+3}
   (You bought it in a shop on level 8 of the Dungeon)

   It has been specially enchanted to burn those struck by it, causing extra
   injury to most foes and up to half again as much damage against particularly
   susceptible opponents.
   Big, fiery blades are also staple armaments of hydra-hunters.
   It affects your strength (+5).
   It affects your dexterity (+3).
 d - a +5 scimitar of slicing
 s - a +4 dagger of venom
 w - a +0 blowgun
Missiles
 b - 18 bolts
 f - 515 stones
 i - 10 javelins
 j - 116 arrows
 k - 4 throwing nets {!*}
 p - 85 sling bullets
 t - 6 tomahawks
 u - 6 poisoned javelins (quivered)
 x - 16 poisoned needles
Armour
 m - a +2 cloak of poison resistance (worn)
 r - a +1 helmet (worn)
 y - a +1 pair of gloves (worn)
 A - the +1 leather armour of the Bull (worn) {rPois rF+ rN+}
   (You took it off a goblin on level 6 of the Dungeon)

   It protects you from fire.
   It protects you from poison.
   It protects you from negative energy.
 G - a +0 pair of boots (worn)
Magical Staves
 c - an uncursed staff of wizardry
Jewellery
 h - a +5 ring of dexterity (left hand)
 q - an amulet of guardian spirit (around neck)
 H - an uncursed amulet of magic regeneration
Wands
 e - a wand of digging (8/24)
 g - a wand of teleportation (3/9)
 l - a wand of paralysis (15/24)
 o - a wand of enslavement (12/24)
 v - a wand of disintegration (6/24)
 z - a wand of iceblast (0/15)
 C - a wand of paralysis (7/24)
 D - a wand of digging (18/24)
Scrolls
 n - 3 scrolls of amnesia
 B - 3 scrolls of fog
 F - 2 scrolls of remove curse
 J - 6 scrolls of identify
Books
 E - a book of Clouds

   Spells                             Type                      Level
   a - Mephitic Cloud                 Conjuration/Poison/Air       3
   b - Conjure Flame                  Conjuration/Fire             3
   c - Poisonous Cloud                Conjuration/Poison/Air       6
   d - Freezing Cloud                 Conjuration/Ice/Air          6
   e - Ring of Flames                 Charms/Fire                  7


   Skills:
 - Level 10.0 Fighting
 - Level 0.7(2.3) Short Blades
 * Level 3.5(3.6) Long Blades
 - Level 1.0 Armour
 * Level 9.8 Dodging
 - Level 0.7 Stealth
 * Level 9.8 Evocations


You had 9 spell levels left.
You knew the following spells:

 Your Spells              Type           Power        Failure   Level  Hunger
a - Apportation           Tloc           #.........   38%         1    N/A

Dungeon Overview and Level Annotations

Branches:
Dungeon (11/15)            Temple (1/1) D:5            Lair (0/6) D:8
    Orc (0/2) D:11

Altars:
Ashenzari
Cheibriados
Dithmenos
Elyvilon
Fedhas
Gozag
Hepliaklqana
Kikubaaqudgha
Makhleb
Nemelex Xobeh
Okawaru
Qazlal
Ru
Sif Muna
Trog
Uskayaw
Vehumet
Xom
Yredelemnul
Zin
The Shining One

Shops:
D:5 }   D:8 (   D:9 [

Annotations:
D:9 exclusion: door IceCv exclusion: 2 ice statues


Innate Abilities, Weirdness & Mutations

You do not eat or drink.
Your flesh is vulnerable to fire.
You are immune to poison.
Your flesh is cold resistant. (rC+)
You are immune to negative energy. (rN+++)
You are immune to unholy pain and torment.
You can survive without breathing.


Message History

Your white imp hits the ice devil but does no damage.
The ice beast hits you.
* * * LOW HITPOINT WARNING * * *
The ice beast freezes you. You resist.
* * * LOW HITPOINT WARNING * * *
The ice devil hits you but does no damage.
As you read the scroll of fear, it crumbles to dust.
You assume a fearsome visage.
The ice beast looks frightened!
The ice devil is unaffected.
Your white imp is unaffected.
The ice devil is unaffected.
The ice devil hits you.
* * * LOW HITPOINT WARNING * * *
The ice devil freezes you! You resist.
* * * LOW HITPOINT WARNING * * *
Your white imp hits the ice devil.
Your white imp freezes the ice devil.
The ice devil completely resists.
The ice devil hits you.
* * * LOW HITPOINT WARNING * * *
The ice devil freezes you! You resist.
You die...
Your body crumbles into a pile of gold.

## .## ..# ..####
...#8### .......###
.........####
....Y.......######
.......#......Y.@#
......###.#....454....[#
.....## ######..##.....#
.##### ...## ...### #
#...# ### ##... ##..
###.


You could see 2 ice devils, an ice beast (fleeing) and a friendly white imp.

Vanquished Creatures
  Gastronok (D:9)
  Urug (D:10)
  Pikel (D:7)
  Joseph (D:7)
  A manticore (D:11)
  Maurice (D:10)
  A gargoyle (D:7)
  Psyche (D:9)
  3 basilisks (D:8)
  An ice devil (IceCv)
  A troll (D:9)
  Grinder (D:3)
  2 hippogriffs (D:9)
  Sigmund (D:4)
  The ghost of teton the Destroyer, an amateur DECj of Vehumet (D:8)
  14 yaks
  A hungry ghost (D:10)
  A water moccasin (D:7)
  Duvessa (D:4)
  A porcupine (D:8)
  3 orc warriors
  2 black bears
  A necrophage (D:11)
  A phantom (D:10)
  2 slaves (D:7)
  9 ogres
  2 ice beasts
  4 centaurs
  12 big kobolds
  A gnoll sergeant (D:6)
  8 bullfrogs
  Dowan (D:4)
  6 wights
  9 howler monkeys
  2 centaur zombies
  5 crimson imps
  A gnoll shaman (D:8)
  A hound (D:5)
  Crazy Yiuf (D:3)
  2 orc priests
  A bullfrog skeleton (D:6)
  2 centaur skeletons
  2 jellies
  4 orc wizards
  6 iguanas
  Natasha (twice) (D:4)
  7 worker ants
  2 hound zombies
  3 hound skeletons
  2 howler monkey zombies
  7 gnolls
  4 worker ant zombies
  9 adders
  3 river rats (D:8)
  3 shadow imps
  4 white imps (IceCv)
  6 ufetubi (IceCv)
  2 oozes (D:2)
  An adder skeleton (D:4)
  A worm (D:4)
  4 dart slugs
  4 leopard geckos
  33 orcs
  6 bats
  9 giant cockroaches
  21 goblins
  12 hobgoblins
  7 jackals
  2 quokkas
  4 ball pythons
  7 frilled lizards
  21 kobolds
  A quokka skeleton (D:4)
  A quokka zombie (D:9)
  3 rats
  A fungus (D:8)
  A plant (D:8)
317 creatures vanquished.

Vanquished Creatures (collateral kills)
  A kobold demonologist (D:8)
  3 big kobolds (D:8)
  3 wights (D:7)
  A crimson imp (D:8)
  2 orc priests
  4 gnolls
  A shadow imp (D:8)
  6 orcs
  3 goblins (D:3)
  A kobold (D:8)
25 creatures vanquished.

Vanquished Creatures (others)
  Prince Ribbit (D:7)
  An orc warrior (D:10)
  2 slaves (D:7)
  A wight (D:7)
  An orc wizard (D:7)
  A centaur skeleton (D:8)
  2 gnoll shamans (D:8)
  Robin (D:3)
  A gnoll (D:8)
  4 ufetubi (IceCv)
  A goblin (D:3)
  2 fungi (D:8)
18 creatures vanquished.

Grand Total: 360 creatures vanquished

Notes
Turn   | Place    | Note
-------+----------+-------------------------------------------
     0 | D:1      | Chiseanne the Mummy Artificer began the quest for the Orb.
     0 | D:1      | Reached XP level 1. HP: 15/15 MP: 2/2
   733 | D:1      | Reached XP level 2. HP: 19/21 MP: 3/3
  1608 | D:2      | Found a basalt altar of Yredelemnul.
  1741 | D:2      | Reached XP level 3. HP: 26/26 MP: 5/5
  1942 | D:2      | Reached skill level 1 in Armour
  2034 | D:2      | Found a hazy altar of Hepliaklqana.
  2171 | D:2      | Found a blossoming altar of Fedhas.
  2452 | D:2      | Reached XP level 4. HP: 25/33 MP: 6/6
  2588 | D:3      | Reached skill level 2 in Fighting
  2664 | D:3      | Found a white marble altar of Elyvilon.
  2884 | D:3      | Noticed Robin
  2919 | D:3      | Reached XP level 5. HP: 24/38 MP: 7/7
  2920 | D:3      | Your ally died
  3145 | D:3      | Found a stormy altar of Qazlal.
  3145 | D:3      | Found a faded altar of an unknown god.
  3150 | D:3      | Found a faded altar of an unknown god.
  3150 | D:3      | Noticed Grinder
  3160 | D:3      | Found a faded altar of an unknown god.
  3167 | D:3      | Paralysed by Grinder for 7 turns
  3177 | D:3      | Killed Grinder
  3177 | D:3      | Reached skill level 3 in Fighting
  3177 | D:3      | Reached XP level 6. HP: 12/47 MP: 8/8
  3179 | D:3      | Found a faded altar of an unknown god.
  3730 | D:3      | Found a bloodstained altar of Trog.
  3936 | D:3      | Found a runed door.
  4034 | D:3      | Noticed Crazy Yiuf
  4048 | D:3      | Killed Crazy Yiuf
  4335 | D:4      | Noticed Sigmund
  4342 | D:4      | Killed Sigmund
  4342 | D:4      | Reached XP level 7. HP: 50/53 MP: 10/10
  4390 | D:4      | Noticed Natasha
  4397 | D:4      | Killed Natasha
  4397 | D:4      | Reached skill level 4 in Fighting
  4754 | D:4      | Noticed Dowan
  4775 | D:4      | Noticed Duvessa
  4795 | D:4      | Killed Dowan
  4856 | D:4      | Noticed Natasha
  4871 | D:4      | Killed Natasha
  5162 | D:4      | Killed Duvessa
  5162 | D:4      | Reached skill level 5 in Evocations
  5175 | D:5      | Entered Level 5 of the Dungeon
  5369 | D:5      | Found Liejukhlai's Gadget Shoppe.
  5501 | D:5      | Reached XP level 8. HP: 60/61 MP: 9/11
  5557 | D:5      | Found a staircase to the Ecumenical Temple.
  5665 | Temple   | Entered the Ecumenical Temple
  5678 | Temple   | Became a worshipper of Gozag Ym Sagoz the Greedy
  5831 | D:5      | Bought a wand of iceblast (5/15) for 117 gold pieces
  5846 | D:6      | Found a shadowy altar of Dithmenos.
  5846 | D:6      | Found a burning altar of Makhleb.
  5848 | D:6      | Found a radiant altar of Vehumet.
  5848 | D:6      | Found a sparkling altar of Nemelex Xobeh.
  5849 | D:6      | Found a blossoming altar of Fedhas.
  5871 | D:6      | Reached skill level 5 in Dodging
  5872 | D:6      | Reached skill level 5 in Fighting
  5933 | D:6      | Got a warped leather armour
  5952 | D:6      | Identified the +1 leather armour of the Bull {rPois rF+ rN+} (You took it off a goblin on level 6 of the Dungeon)
  6489 | D:7      | Noticed a gargoyle
  6500 | D:7      | Killed a gargoyle
  6500 | D:7      | Reached skill level 6 in Fighting
  6526 | D:7      | Noticed Pikel
  6531 | D:7      | Reached XP level 9. HP: 70/70 MP: 13/13
  6533 | D:7      | Killed Pikel
  6535 | D:7      | Noticed Prince Ribbit
  6540 | D:7      | Killed Prince Ribbit
  6550 | D:7      | Reached skill level 7 in Fighting
  6842 | D:7      | Noticed Joseph
  6901 | D:7      | Killed Joseph
  7215 | D:7      | Learned a level 1 spell: Apportation
  7219 | D:7      | Found a shattered altar of Ashenzari.
  7607 | D:8      | Reached skill level 8 in Fighting
  7627 | D:8      | Reached XP level 10. HP: 65/80 MP: 15/15
  7974 | D:8      | Noticed teton's ghost (amateur DECj)
  8000 | D:8      | Killed teton's ghost
  8209 | D:8      | Identified a scroll of acquirement
  8309 | D:8      | Reached skill level 9 in Fighting
  8594 | D:8      | Found a staircase to the Lair.
  8960 | D:8      | Bought the +7 scimitar of Untimely Demise {flame, Str+5 Dex+3} for 924 gold pieces
  9145 | D:9      | Noticed Gastronok
  9206 | D:9      | Killed Gastronok
  9206 | D:9      | Reached XP level 11. HP: 58/90 MP: 12/17
  9460 | D:9      | Noticed Psyche
  9482 | D:9      | Killed Psyche
  9556 | D:9      | Found an iron altar of Okawaru.
  9645 | D:9      | Found Haatareh's Armour Emporium.
  9888 | D:9      | Reached skill level 10 in Fighting
 10083 | D:9      | Reached skill level 1 in Long Blades
 10502 | D:9      | Noticed a death knight
 10753 | D:10     | Entered Level 10 of the Dungeon
 11305 | D:10     | Noticed Maurice
 11346 | D:10     | Killed Maurice
 11353 | D:10     | Noticed Urug
 11372 | D:10     | Killed Urug
 12036 | D:11     | Found a staircase to the Orcish Mines.
 12126 | D:11     | Found a frozen archway.
 12131 | IceCv    | Entered an ice cave
 12296 | IceCv    | HP: 2/90 [ice devil (5)]
 12296 | IceCv    | Mangled by an ice devil

Skill      XL: |  1  2  3  4  5  6  7  8  9 10 11 |
---------------+----------------------------------+-----
Dodging        | 2 3 4 6 7 8 9 |  9.8
Armour         | 1 |  1.0
Evocations     | 3 4 5 6 7 8 9 |  9.8
Fighting       | 2 3 4 6 8 9 10 | 10.0
Long Blades    | 3 |  3.5
Short Blades   | |  0.7
Stealth        | |  0.7

Action                   |  1- 3 |  4- 6 |  7- 9 | 10-12 || total
-------------------------+-------+-------+-------+-------++-------
Melee: Short sword       |   187 |    11 |       |       ||   198
       Trident           |       |    41 |       |       ||    41
       Dagger            |       |    82 |   236 |   290 ||   608
       Quarterstaff      |       |       |    27 |    19 ||    46
       Scimitar          |       |       |       |   221 ||   221
Throw: Stone             |     1 |       |       |       ||     1
       Javelin           |       |     2 |     4 |    35 ||    41
Invok: Call Merchant     |       |       |       |     1 ||     1
Evoke: Wand              |     1 |    11 |    48 |    20 ||    80
  Use: Scroll            |     7 |     1 |     7 |     8 ||    23
 Stab: Distracted        |     1 |       |     6 |    10 ||    17
       Sleeping          |       |     1 |     3 |     1 ||     5
       Paralysed         |       |       |     9 |    11 ||    20
       Petrified         |       |       |       |     6 ||     6
Armor: Ring mail         |    82 |    50 |    46 |       ||   178
       Leather armour    |     1 |       |    33 |   131 ||   165
Dodge: Dodged            |   135 |    93 |   156 |   487 ||   871
       Rpst.: Scimitar   |       |       |       |    83 ||    83
